 Dungeon Crawl Stone Soup version 0.28.0 (webtiles) character file.

Game seed: 6800827689467438540

26756 inmateoo the Cleaver (level 13, 0/101 HPs)
             Began as a Human Artificer on Feb 15, 2022.
             Was an Initiate of Gozag.
             Slain by Frances (22 damage)
             ... on level 14 of the Dungeon.
             The game lasted 00:26:30 (16712 turns).

inmateoo the Cleaver (Human Artificer)             Turns: 16712, Time: 00:26:31

Health: 0/101      AC: 21    Str: 18    XL:     13   Next: 60%
Magic:  0/23       EV: 20    Int: 16    God:    Gozag
Gold:   3251       SH:  5    Dex: 17    Spells: 12/12 levels left

rFire   . . .      SeeInvis .   C - +12 war axe "Sarcophage" {vorpal, Will+ Dex+3}
rCold   . . .      Faith    .   (no shield)
rNeg    . . .      Spirit   .   H - +3 swamp dragon scales
rPois   +          Reflect  +   l - +3 hat of Pondering {ponderous, Will+ MP+10 Int+5}
rElec   .          Harm     .   (no cloak)
rCorr   .          Rampage  .   (no gloves)
Will    ++...                   x - +0 pair of boots
Stlth   +.........              r - amulet of reflection
HPRegen 0.26/turn               q - +4 ring of evasion
MPRegen 0.18/turn               n - +4 ring of protection

@: slow
A: no striking features
a: Renounce Religion, Potion Petition, Call Merchant, Bribe Branch


You were on level 14 of the Dungeon.
You worshipped Gozag.
Gozag was most pleased with you.
You visited 1 branch of the dungeon, and saw 14 of its levels.
You also visited: Bailey and Ice Cave.

You collected 3307 gold pieces.
You paid 56 gold pieces to Gozag.

Inventory:

Hand Weapons
 A - a +0 scimitar of flaming
 C - the +12 war axe "Sarcophage" (weapon) {vorpal, Will+ Dex+3}
   (You found it on level 7 of the Dungeon)

   It inflicts extra damage upon your enemies.
   Dex:       It affects your dexterity (+3).
   Will:      It increases your willpower.
Missiles
 j - 11 boomerangs (quivered)
 I - 2 throwing nets
Armour
 d - the +2 helmet of Wu Jian's Favour {rPois}
   (You acquired it on level 10 of the Dungeon)

   rPois:     It protects you from poison.
 l - the +3 hat of Pondering (worn) {ponderous, Will+ MP+10 Int+5}
   (You took it off Gastronok on level 8 of the Dungeon)

   Int:       It affects your intelligence (+5).
   MP:        It affects your magic capacity (+10).
   Will:      It increases your willpower.
 x - a +0 pair of boots (worn)
 y - a +0 scale mail of cold resistance
 H - +3 swamp dragon scales (worn)
 K - the +6 ring mail "Guemiun" {rN+ Will+}
   (You found it on level 12 of the Dungeon)

   rN:        It protects you from negative energy.
   Will:      It increases your willpower.
Jewellery
 n - a +4 ring of protection (right hand)
 p - a ring of fire
 q - a +4 ring of evasion (left hand)
 r - an amulet of reflection (around neck)
 v - a ring of see invisible
 D - a ring of positive energy
 E - a ring of protection from cold
 F - a ring of protection from cold
Wands
 c - a wand of flame (13)
 t - a wand of digging (7)
 L - a wand of mindburst (5)
 P - a wand of acid (3)
Scrolls
 f - 2 scrolls of brand weapon
 g - 5 scrolls of immolation
 i - 3 scrolls of enchant weapon
 k - 2 scrolls of amnesia
 m - a scroll of blinking
 s - 5 scrolls of teleportation
 J - 3 scrolls of fear
Potions
 a - a potion of ambrosia
 b - 3 potions of lignification
 h - a potion of magic
 u - 3 potions of invisibility
 w - 4 potions of curing
 z - 2 potions of mutation
 B - 3 potions of heal wounds
 G - a potion of flight
 M - a potion of haste
 N - a potion of resistance
 Q - a potion of brilliance
 R - a potion of cancellation {unknown}
Miscellaneous
 e - a piece from Xom's chessboard (2/15)
 o - a phantom mirror (inert)


   Skills:
 + Level 9.6 Fighting
 + Level 14.2 Axes
 - Level 10.0 Armour
 + Level 9.6 Dodging
 - Level 2.0 Stealth
 - Level 5.0 Evocations


You had 12 spell levels left.
You didn't know any spells.
Your spell library contained the following spells:

 Spells                   Type           Power      Damage    Failure   Level
 Magic Dart               Conj           0%         1d3       36%         1
 Call Imp                 Summ           0%         N/A       52%         2
 Corpse Rot               Necr/Air       0%         N/A       52%         2
 Confusing Touch          Hex            0%         N/A       75%         3
 Dazzling Flash           Conj/Hex       0%         N/A       75%         3
 Gell's Gravitas          Tloc           0%         N/A       75%         3
 Lesser Beckoning         Tloc           0%         N/A       75%         3
 Mephitic Cloud           Conj/Pois/Air  0%         N/A       75%         3
 Teleport Other           Tloc           0%         N/A       75%         3
 Dispel Undead            Necr           0%         3d6       98%         4
 Agony                    Necr           0%         N/A       100%        5
 Fireball                 Conj/Fire      0%         3d3       100%        5
 Silence                  Hex/Air        0%         N/A       100%        5
 Yara's Violent Unravell  Hex/Tmut       0%         3d3       100%        5
 Death Channel            Necr           0%         N/A       100%        6
 Starburst                Conj/Fire      0%         6d3       100%        6
 Enfeeble                 Hex            0%         N/A       100%        7
 Ignition                 Fire           0%         3d3       100%        8


Dungeon Overview and Level Annotations

Branches:
Dungeon (14/15)            Temple (0/1) D:7            Lair (0/6) D:9
    Orc (0/2) D:9          Vaults (0/5) D:13         Bailey (visited)
  IceCv (visited)

Altars:
Ashenzari
Gozag
Hepliaklqana
Makhleb
Qazlal
Sif Muna
Uskayaw
Vehumet
Wu Jian
Xom

Shops:
D:7 *

Annotations:
D:14 Frances


Message History

Frances says, "I have seen worlds and universes beyond all imagining."
Frances mutters in a terrible tongue.
Frances seems to speed up.
Frances is nearby!
You make a move on Xom's chessboard...
Frances resists with almost no effort.
You make a move on Xom's chessboard...
Frances resists with almost no effort.
You make a move on Xom's chessboard...
Frances seems to grow stronger.
You make a move on Xom's chessboard...
Frances resists with almost no effort.
You make a move on Xom's chessboard...
Frances resists with almost no effort.
Frances hits you with a +1 antimagic mace!!!
You feel your power leaking away.
Frances hits you with a +1 antimagic mace!
You feel your power leaking away.
Aiming: Phantom Mirror
Press: ? - help, Dir - move target, f - Frances
Aim: Frances, wielding a +1 antimagic mace and wearing a +0 chain mail (fast, strong)
You reflect Frances with the mirror!
The mirror clouds!
Frances hits Frances with a +1 antimagic mace.
Frances's magic leaks into the air.
Frances hits you with a +1 antimagic mace.
You slice Frances!!
Frances is moderately wounded.
Frances's magic is no longer disrupted.
Frances hits you with a +1 antimagic mace!!
* * * LOW HITPOINT WARNING * * *
Frances chants phrases taken from a devil's mouth.
The iron shot hits Frances!
Frances hits Frances with a +1 antimagic mace!!
Frances's magic leaks into the air.
Frances drinks a potion.
Frances is healed!
You barely miss Frances.
Frances is heavily wounded.
Frances's magic is no longer disrupted.
Frances barely misses you.
Frances mutters in a terrible tongue.
The shard of ice hits Frances!!
You catch the helpless Frances completely off-guard!
You slice Frances!!
Frances is almost dead.
Frances hits you with a +1 antimagic mace!!
You die...
Your body crumbles into a pile of gold.

.. . .
##. #.#
#@# #@#
##@# #..#
##..#
##..##
##.###
#####.##
#...<.#
#..######


You could see Frances (fast, strong, ally target) and the friendly Frances
(summoned, fast, strong, drained).

Vanquished Creatures
  Gastronok (D:8)
  An orc warlord (Bailey)
  An ogre mage (D:13)
  A boulder beetle (D:12)
  2 centaur warriors (D:13)
  A death knight (D:10)
  3 two-headed ogres
  Nergalle (D:11)
  4 skeletal warriors (D:13)
  An orc knight (Bailey)
  A cyclops (D:13)
  An ugly thing (D:13)
  2 ice statues (IceCv)
  Maggie (D:8)
  A gargoyle (D:11)
  An efreet (D:9)
  4 rime drakes (IceCv)
  3 kobold demonologists (D:10)
  4 trolls
  A slime creature (D:12)
  A hornet (D:8)
  A shadow (D:12)
  A water elemental (D:12)
  6 yaks (D:11)
  A wyvern (D:8)
  A basilisk (D:13)
  4 fire bats (D:13)
  Grum (D:11)
  12 vampire mosquitoes
  A steam dragon (D:9)
  2 acid dragons (D:11)
  A hell hound (D:13)
  A water moccasin (D:7)
  15 orc warriors
  A black bear (D:6)
  A necrophage (D:5)
  2 wolves (D:11)
  4 ogres
  2 phantoms
  5 centaurs
  3 kobold brigands
  2 bullfrogs (D:9)
  A gnoll sergeant (D:6)
  A wyvern zombie (D:8)
  4 earth elementals (D:13)
  3 scorpions
  A wyvern skeleton (D:7)
  5 killer bees
  A wight (D:7)
  3 lindwurm simulacra (IceCv)
  4 howler monkeys
  10 electric eels
  A bullfrog zombie (D:6)
  2 lava snakes (D:13)
  3 centaur zombies
  A jelly (D:4)
  A hound (D:5)
  11 komodo dragon simulacra (IceCv)
  6 orc priests
  A centaur skeleton (D:6)
  6 orc wizards
  A centaur simulacrum (D:9)
  2 hound skeletons (D:4)
  3 howler monkey zombies
  Robin (D:4)
  4 acid dragon simulacra (IceCv)
  8 gnolls
  2 adders
  A shadow imp (D:8)
  A white imp (D:7)
  3 steam dragon simulacra (IceCv)
  An adder skeleton (D:4)
  4 dart slugs
  42 orcs
  4 ball pythons
  4 bats (D:2)
  5 endoplasms
  3 giant cockroaches
  32 goblins
  16 hobgoblins
  13 kobolds
  A quokka (D:4)
  4 frilled lizards
  6 rats
  2 fire vortices (D:13)
331 creatures vanquished.

Vanquished Creatures (collateral kills)
  Urug (D:10)
  2 orc warriors (Bailey)
  A gnoll (D:6)
  3 goblins (Bailey)
  2 hobgoblins (Bailey)
9 creatures vanquished.

Vanquished Creatures (others)
  An ice dragon (IceCv)
  2 orc knights (Bailey)
  A centaur zombie (D:9)
  Ijyb (D:5)
  2 gnolls
  2 orcs (D:12)
  A fire vortex (D:13)
  12 plants (D:12)
22 creatures vanquished.

Grand Total: 362 creatures vanquished

Notes
Turn   | Place    | Note
-------+----------+-------------------------------------------
     0 | D:1      | inmateoo the Human Artificer began the quest for the Orb.
     0 | D:1      | Reached XP level 1. HP: 15/15 MP: 1/1
   424 | D:1      | Reached XP level 2. HP: 21/21 MP: 2/2
  1370 | D:2      | Reached XP level 3. HP: 24/26 MP: 3/3
  1915 | D:3      | Reached XP level 4. HP: 20/33 MP: 4/4
  2205 | D:3      | Found a burning altar of Makhleb.
  2360 | D:3      | Found a faded altar of an unknown god.
  2543 | D:3      | Found an ornate altar of the Wu Jian Council.
  2828 | D:4      | Noticed an ogre
  2851 | D:4      | Killed an ogre
  2852 | D:4      | Reached XP level 5. HP: 39/39 MP: 5/5
  2915 | D:4      | Noticed Robin
  2998 | D:4      | Killed Robin
  3081 | D:4      | Noticed an ogre
  3111 | D:4      | Killed an ogre
  3112 | D:4      | Reached XP level 6. HP: 21/46 MP: 6/6
  3439 | D:4      | Found a stormy altar of Qazlal.
  3443 | D:4      | Noticed a water elemental
  3443 | D:4      | Noticed an air elemental
  3443 | D:4      | Noticed a fire elemental
  3478 | D:4      | Noticed an ogre
  3486 | D:4      | Killed an ogre
  3702 | D:4      | Reached XP level 7. HP: 36/52 MP: 7/7
  4321 | D:5      | Entered Level 5 of the Dungeon
  4472 | D:5      | Noticed Ijyb
  4578 | D:5      | Your ally Ijyb died
  4650 | D:5      | Noticed a +0 falchion
  4801 | D:5      | Noticed a +0 short sword
  4801 | D:5      | Noticed a +0 spear
  4801 | D:5      | Noticed a +0 dagger
  4801 | D:5      | Noticed a +0 falchion
  4803 | D:5      | Noticed a +0 dagger
  4803 | D:5      | Noticed a +0 short sword
  4803 | D:5      | Noticed a +0 spear
  4806 | D:5      | Found a hide-covered altar of Uskayaw.
  5587 | D:6      | Reached skill level 5 in Evocations
  5587 | D:6      | Reached XP level 8. HP: 60/60 MP: 8/8
  6389 | D:6      | Found an opulent altar of Gozag.
  6412 | D:6      | Became a worshipper of Gozag Ym Sagoz the Greedy
  6474 | D:6      | Reached skill level 5 in Armour
  6561 | D:6      | Found a hazy altar of Hepliaklqana.
  6562 | D:6      | Found a shimmering altar of Xom.
  6563 | D:6      | Noticed a spectral ugly thing
  6731 | D:7      | Identified the +12 war axe "Sarcophage" {vorpal, Will+
                  | Dex+3}
  6849 | D:7      | Reached skill level 5 in Dodging
  6901 | D:7      | Reached skill level 1 in Axes
  6901 | D:7      | Found a staircase to the Ecumenical Temple.
  6911 | D:7      | Reached skill level 5 in Fighting
  6912 | D:7      | Reached skill level 2 in Axes
  6978 | D:7      | Reached skill level 3 in Axes
  6978 | D:7      | Reached XP level 9. HP: 62/68 MP: 9/9
  7075 | D:7      | Found Cighollel's General Store.
  7124 | D:7      | Found a broken altar of Ashenzari.
  7137 | D:7      | Reached skill level 4 in Axes
  7205 | D:7      | Found a shimmering blue altar of Sif Muna.
  7435 | D:8      | Reached skill level 5 in Axes
  7497 | D:8      | Noticed Maggie
  7509 | D:8      | Killed Maggie
  7510 | D:8      | Reached skill level 6 in Axes
  7567 | D:8      | Noticed a hornet
  7573 | D:8      | Killed a hornet
  7574 | D:8      | Reached skill level 7 in Axes
  7685 | D:8      | Noticed Gastronok
  8128 | D:8      | Killed Gastronok
  8129 | D:8      | Reached skill level 9 in Axes
  8129 | D:8      | Reached XP level 10. HP: 64/74 MP: 10/10
  8768 | D:9      | Found a flagged portal.
  8787 | Bailey   | Entered a bailey
  8828 | Bailey   | Reached skill level 10 in Axes
  8903 | Bailey   | Noticed an orc knight
  8923 | Bailey   | Noticed an orc knight
  8936 | Bailey   | Killed an orc knight
  9167 | Bailey   | Noticed an orc knight
  9184 | Bailey   | Noticed an orc warlord
  9192 | Bailey   | Reached skill level 11 in Axes
  9213 | Bailey   | Killed an orc warlord
  9214 | Bailey   | Reached skill level 12 in Axes
  9214 | Bailey   | Reached XP level 11. HP: 56/79 MP: 11/11
 10016 | D:9      | Found a staircase to the Orcish Mines.
 10072 | D:9      | Found a staircase to the Lair.
 10225 | D:9      | Found a radiant altar of Vehumet.
 10268 | D:10     | Entered Level 10 of the Dungeon
 10373 | D:10     | Noticed Urug
 10399 | D:10     | Killed Urug
 10534 | D:10     | Acquired the +2 helmet of Wu Jian's Favour {rPois}
 10611 | D:10     | Noticed a death knight
 10620 | D:10     | Killed a death knight
 11248 | D:11     | Noticed Grum
 11259 | D:11     | Killed Grum
 11260 | D:11     | Reached XP level 12. HP: 79/89 MP: 12/12
 11357 | D:11     | Found a frozen archway.
 11376 | IceCv    | Entered an ice cave
 11524 | IceCv    | Identified the +10 halberd of False Accusations {venom,
                  | Int+5}
 12027 | IceCv    | Reached skill level 13 in Axes
 12178 | IceCv    | Noticed an ice dragon
 12191 | IceCv    | Killed an ice dragon
 12702 | D:11     | Noticed Nergalle
 12713 | D:11     | Killed Nergalle
 13968 | D:12     | Noticed a boulder beetle
 13987 | D:12     | Killed a boulder beetle
 14403 | D:12     | Noticed a two-headed ogre
 14413 | D:12     | Killed a two-headed ogre
 14414 | D:12     | Reached XP level 13. HP: 86/99 MP: 13/13
 14418 | D:12     | Identified the +6 ring mail "Guemiun" {rN+ Will+}
 14811 | D:13     | Noticed a centaur warrior
 14822 | D:13     | Killed a centaur warrior
 15315 | D:13     | Noticed a centaur warrior
 15331 | D:13     | Killed a centaur warrior
 15468 | D:13     | Noticed an ogre mage
 15482 | D:13     | Killed an ogre mage
 15483 | D:13     | Reached skill level 14 in Axes
 15497 | D:13     | Found a gate to the Vaults.
 15927 | D:13     | Reached skill level 10 in Armour
 16703 | D:14     | Noticed Frances
 16712 | D:14     | Slain by Frances

Illustrated notes

Levels and vault maps discovered:
D:1:      dpeg_arrival_tiny_i, layout_loops_cross
D:2:      layout_loops_ring
D:3:      layout_rooms, nicolae_overflow_ecumenical_swirl,
          lightli_temple_of_fire, hangedman_decor_slide_cut
D:4:      layout_loops_corners, nicolae_qazlal_style_of_elements, uniq_robin
D:5:      layout_loops_ring, nicolae_uskayaw_en_pointe,
          kennysheep_generic_room_5, uniq_ijyb
D:6:      layout_loops_cross, regret_index_temple_of_mockery,
          nicolae_gozag_seed_capital
D:7:      layout_gridville, kennysheep_orc_sif_temple,
          nicolae_ashenzari_skybound, temple_fountains, serial_shops,
          nicolae_shop_temple_entry_statues_fountains, roderic_serpentine_path,
          chequers_serial_rivers_small_3, skrybe_limestone_x, st_stairs_7
D:8:      layout_basic, uniq_gastronok, uniq_maggie
D:9:      layout_loops_ring, lemuel_round_altar, lair_entry_dummy, david_orc_4,
          enter_bailey_4, minmay_chambers_of_fives
D:10:     layout_gridville, dreamdust_deal_with_the_devil, uniq_urug
D:11:     layout_basic, portal_ice_cave_entry_pillars_1, lemuel_flamethrower_1,
          uniq_nergalle, uniq_grum
D:12:     layout_cave_pools, serial_bayou, serial_bayou_pond_b,
          serial_bayou_lake_a, serial_bayou_shore_a, serial_bayou_pond_e,
          serial_bayou_ford_a, serial_bayou_pond_a
D:13:     minmay_stone_box, layout_basic, david_vaults_2, hangedman_incinerator
D:14:     layout_layer_cave, serial_shops, shop_fountains,
          nicolae_shop_advertising_works [nicolae_subvault_shop_adworks],
          nicolae_shop_crystal, shop, uniq_frances, uniq_kirke, uniq_roxanne

Skill      XL: |  1  2  3  4  5  6  7  8  9 10 11 12 13 |
---------------+----------------------------------------+-----
Stealth        | 2 |  2.0
Fighting       | 2 3 4 5 6 8 9 |  9.6
Armour         | 3 4 5 6 7 9 10 | 10.0
Dodging        | 2 3 5 6 8 9 |  9.6
Evocations     | 4 5 |  5.0
Axes           | 3 9 12 13 14 | 14.2

Action                   |  1- 3 |  4- 6 |  7- 9 | 10-12 | 13-15 || total
-------------------------+-------+-------+-------+-------+-------++-------
Melee: Dagger            |   104 |   154 |   304 |       |       ||   562
       Club              |     7 |       |       |       |       ||     7
       Punch             |       |     3 |     2 |     2 |     3 ||    10
       War axe           |       |       |    80 |   403 |   138 ||   621
Throw: Dart              |     1 |    20 |    20 |       |       ||    41
       Boomerang         |       |     7 |    29 |       |       ||    36
Evoke: Wand              |     8 |     1 |     9 |    35 |     1 ||    54
       Piece from Xom's  |     4 |       |    13 |     7 |     5 ||    29
       Phantom mirror    |       |       |       |     1 |     1 ||     2
  Use: Scroll            |       |     5 |     6 |    13 |     1 ||    25
       Potion            |       |       |       |     2 |       ||     2
 Stab: Sleeping          |     3 |       |     1 |       |       ||     4
       Petrified         |     7 |       |       |     3 |       ||    10
       Distracted        |       |       |     1 |     6 |     1 ||     8
       Paralysed         |       |       |       |     3 |       ||     3
       Invisible         |       |       |       |     3 |       ||     3
Armor: Leather armour    |     6 |       |       |       |       ||     6
       Ring mail         |    35 |    53 |    44 |       |       ||   132
       Scale mail        |       |       |    79 |    12 |       ||    91
       Swamp dragon scal |       |       |     6 |    83 |    43 ||   132
Dodge: Dodged            |    58 |    84 |   260 |   226 |    96 ||   724
Block: Other             |       |    15 |    87 |    76 |    21 ||   199
       Reflection        |       |       |     1 |     1 |     6 ||     8
